 Dungeon Crawl Stone Soup version 0.18.1-48-g4cf74bf (webtiles) character file.

35 Freeplumber the Sneak (level 3, 0/35 HPs)
             Began as a Troll Assassin on June 27, 2016.
             Was an Initiate of Vehumet.
             Slain by Sigmund
             ... wielding a +0 scythe
              (9 damage)
             ... on level 3 of the Dungeon on June 28, 2016.
             The game lasted 00:05:31 (896 turns).

Freeplumber the Sneak (Troll Assassin)               Turns: 896, Time: 00:05:32

Health: 0/35       AC:  6    Str: 19    XL:     3   Next: 16%
Magic:  2/2        EV: 15    Int:  7    God:    Vehumet [......]
Gold:   122        SH:  0    Dex: 17    Spells: 0 memorised, 2 levels left

rFire  . . .     SeeInvis .     a - +2 dagger
rCold  . . .     Gourm    +     c - +0 robe
rNeg   . . .     Faith    .     (no shield)
rPois  .         Spirit   .     (helmet restricted)
rElec  .         Dismiss  .     d - +0 cloak
rCorr  .         Reflect  .     (gloves unavailable)
SustAt .         Harm     .     (boots unavailable)
MR     .....                    (no amulet)
Stlth  +++.......               (no ring)
                                (no ring)

@: agile, not resistant to hostile enchantments, fairly stealthy
A: unfitting armour, claws 3, fast metabolism 3, gourmand, regeneration 2,
shaggy fur 1, tough skin 2
a: Renounce Religion


You were on level 3 of the Dungeon.
You worshipped Vehumet.
Vehumet was noncommittal.
You were very hungry.

You visited 1 branch of the dungeon, and saw 3 of its levels.

You collected 122 gold pieces.

Inventory:

Hand Weapons
 a - a +2 dagger (weapon)
 b - a +0 blowgun
Missiles
 e - 8 poisoned needles
 f - 2 curare-tipped needles
 k - a throwing net (quivered)
 p - 5 needles of confusion
Armour
 c - a +0 robe (worn)
 d - a +0 cloak (worn)
 j - a +0 cloak
Wands
 q - a wand of paralysis (11/24)
Potions
 m - a potion of ambrosia
 o - a potion of heal wounds {unknown}
Books
 r - a book of Power

   Spells                             Type                      Level
   a - Fulminant Prism                Conjuration/Hexes            4
   b - Iskenderun's Mystic Blast      Conjuration                  4
   c - Venom Bolt                     Conjuration/Poison           5
   d - Bolt of Magma                  Conjuration/Fire/Earth       5
   e - Iron Shot                      Conjuration/Earth            6
   f - Orb of Destruction             Conjuration                  7
   g - Spellforged Servitor           Conjuration/Summoning        7
Comestibles
 g - 3 bread rations
 n - a meat ration


   Skills:
 + Level 1.8 Fighting
 + Level 1.7 Short Blades
 + Level 1.7 Throwing
 + Level 1.0 Dodging
 + Level 3.0 Stealth


You had 2 spell levels left.
You didn't know any spells.

Dungeon Overview and Level Annotations

Branches:
Dungeon (3/15)

Altars:
Elyvilon
Vehumet

Annotations:
D:3 Sigmund


Innate Abilities, Weirdness & Mutations

You are too large for most types of armour.
You have claws for hands.
Your metabolism is lightning-fast.
You like to eat raw meat.
You heal very quickly.
You are covered in fur (AC +1).
You have very tough skin (AC +2).


Message History

A magic dart appears from out of thin air!
The magic dart hits you!
You completely miss something.
Read which item? (? for menu, Esc to quit)
As you read the scroll labeled QEICUU CUSI, it crumbles to dust.
It is a scroll of amnesia.
You feel forgetful for a moment. Something hits you.
You closely miss something.
You are feeling very hungry.
Something hits you.
You closely miss something. You miss something. Something hits you!
You hit something. Something hits you!
* * * LOW HITPOINT WARNING * * *
Drink which item? (? for menu, Esc to quit)
You feel better.
You closely miss something. Something hits you but does no damage.
You barely miss something. You hit something but do no damage.
Something hits you!
You die...

#.#####......##
# ##.......####
. #...(....(...
#.##.......###
#.##.#.......##
#...........##
#.......##
####.#### #@#
#{# ##'##
##...## #.....#
#....(..#
#.........#
+(........+
#.........#


There were no monsters in sight!

Vanquished Creatures
  3 worms
  A dart slug (D:2)
  A giant gecko (D:1)
  A giant cockroach (D:1)
  5 hobgoblins
  A ball python (D:3)
  5 bats
  3 goblins
  A kobold (D:1)
  3 rats
24 creatures vanquished.

Notes
Turn   | Place    | Note
--------------------------------------------------------------
     0 | D:1      | Freeplumber the Troll Assassin began the quest for the Orb.
     0 | D:1      | Reached XP level 1. HP: 19/19 MP: 0/0
   369 | D:2      | Reached XP level 2. HP: 20/27 MP: 1/1
   374 | D:2      | Found a radiant altar of Vehumet.
   392 | D:2      | Became a worshipper of Vehumet
   435 | D:2      | Reached skill level 1 in Dodging
   608 | D:2      | Found a white marble altar of Elyvilon.
   791 | D:3      | Reached XP level 3. HP: 35/35 MP: 2/2
   820 | D:3      | Reached skill level 3 in Stealth
   835 | D:3      | Noticed Sigmund
   896 | D:3      | Slain by Sigmund

Skill      XL: |  1  2  3 |
---------------+----------+-----
Dodging        | 1 |  1.0
Stealth        | 3 |  3.0
Fighting       | |  1.8
Short Blades   | |  1.7
Throwing       | |  1.7

Action                   || total
-------------------------++-------
Melee: Dagger            ||   153
Evoke: Wand              ||     2
  Use: Potion            ||     5
       Scroll            ||     1
 Stab: Sleeping          ||     4
  Eat: Bread ration      ||     1
Armor: Robe              ||    52
Dodge: Dodged            ||    47
